 Dungeon Crawl Stone Soup version 0.31-a0-230-g09eb5fc4d3 (webtiles) character file.

Game seed: 14248736317585857069

1514 qw the Skirmisher (level 8, -1/51 HPs)
             Began as a Gargoyle Hexslinger on July 6, 2023.
             Was an Initiate of Okawaru.
             Slain by a gnoll
             ... wielding a +0 spear
             ... led by a gnoll bouda
              (5 damage)
             ... on level 6 of the Dungeon.
             The game lasted 00:01:56 (4229 turns).

qw the Skirmisher (Gargoyle Hexslinger)             Turns: 4229, Time: 00:01:56

Health: -1/51      AC: 14    Str: 12    XL:     8   Next: 83%
Magic:  7/9        EV: 18    Int: 14    God:    Okawaru [......]
Gold:   354        SH:  0    Dex: 14    Spells: 8/9 levels left

rFire   . . .        Y - +4 arbalest
rCold   . . .        (shield currently unavailable)
rNeg    + + .        e - +1 ring mail {Will+}
rPois   inf          (no helmet)
rElec   +            (no cloak)
rCorr   .            (no gloves)
SInv    .            b - +0 pair of boots
Will    +....        (no amulet)
Stlth   ++           c - ring of positive energy
HPRegen 0.28/turn    o - +5 ring of evasion
MPRegen 0.11/turn

%: no passive effects
@: heroic, weakened
A: sickness immunity, AC +5, negative energy resistance 1, electricity
resistance, torment resistance 1, petrification resistance
a: Renounce Religion


You were on level 6 of the Dungeon.
You worshipped Okawaru.
Okawaru was noncommittal.
You visited 1 branch of the dungeon, and saw 6 of its levels.

You collected 354 gold pieces.


Innate Abilities, Weirdness & Mutations

You are immune to sickness and miasma.
Your stone body is resilient. (AC +5)
You are immune to poison.
You resist negative energy. (rN+)
You are resistant to electric shocks. (rElec)
You are resistant to unholy torment.
You are immune to petrification.


   Skills:
 + Level 5.8(10.8) Fighting
 - Level 9.1(14.1) Ranged Weapons
 - Level 2.0(7.0) Armour
 - Level 2.0(7.0) Dodging
 - Level 1.0 Spellcasting
 - Level 2.6 Hexes


You had 8 spell levels left.
You knew the following spells:

 Your Spells              Type           Power      Damage    Failure   Level
a - Slow                  Hex            32%        N/A       17%         1

Your spell library contained the following spells:

 Spells                   Type           Power      Damage    Failure   Level
 Inner Flame              Hex/Fire       4%         N/A       65%         3
 Portal Projectile        Hex/Tloc       8%         N/A       65%         3
 Cause Fear               Hex            4%         N/A       86%         4

Inventory:

Hand Weapons
 Y - a +4 arbalest (weapon)
Armour
 b - a +0 pair of boots (worn)
 e - a +1 ring mail of willpower (worn)
Jewellery
 c - a ring of positive energy (left hand)
 o - a +5 ring of evasion (right hand)
Scrolls
 m - a scroll of identify
Potions
 a - a potion of mutation
 d - 3 potions of might
 f - a potion of haste
 g - 2 potions of resistance
 h - 3 potions of curing
 k - a potion of enlightenment {unknown}
 p - a potion of berserk rage {unknown}

Dungeon Overview and Level Annotations

Branches:
Dungeon (6/15)
 Temple: D:4-7

Altars:
Elyvilon
Okawaru
Uskayaw
Yredelemnul

Shops:
D:2 [


Message History

You shoot a bolt. The bolt hits the wight!
The wight is almost destroyed.
The gnoll hits you but does no damage. The iguana completely misses you.
The wight misses you. The gnoll hits you but does no damage.
The gnoll barely misses you.
You shoot a bolt. The bolt closely misses the wight.
The bolt closely misses the gnoll.
The bolt barely misses the wight.
The iguana bites you. The wight hits you with a +2 dagger!
The gnoll misses you. The iguana barely misses you.
The gnoll closely misses you.
The gnoll hits you from afar with a +0 spear.
You shoot a bolt. The bolt barely misses the wight.
The gnoll is no longer moving quickly.
The gnoll bouda closely misses you. The iguana closely misses you.
The wight misses you. The gnoll completely misses you.
The gnoll closely misses you. The gnoll bouda closely misses you.
The wight hits you with a +3 hand axe. The iguana closely misses you.
The wight closely misses you. The gnoll hits you but does no damage.
You shoot a bolt. The bolt hits the wight!
You destroy the wight!
Okawaru accepts your kill.
You can now gain great but temporary skills.
The gnoll is no longer moving quickly.
The gnoll hits you from afar with a +0 spear.
The gnoll bouda completely misses you. The wight barely misses you.
The iguana misses you. The gnoll closely misses you. The gnoll misses you.
4228 ||| INVOKING Heroism.
You gain the combat prowess of a mighty hero.
You can no longer gain great but temporary skills.
The gnoll bouda gazes fiercely through you!
You feel your attacks grow feeble.
The gnoll bouda hits you but does no damage.
The wight hits you with a +3 hand axe! The iguana closely misses you.
The gnoll closely misses you. The gnoll hits you but does no damage.
You shoot a bolt. The bolt hits the wight!
You destroy the wight!
Okawaru accepts your kill. The gnoll bouda barely misses you.
The iguana bites you. The gnoll hits you with a +0 club!
The gnoll hits you from afar with a +0 spear.
You die...

....%............#
.#.<.............#
..)
.................#
...
..##.....#.....#
..## ##
####......###
.)...
######.######....#
#..##..g<....
##...))...##.
###.@l!.....
#.gg....##
##....##.. #......
####..... #####


You could see a gnoll bouda, an iguana and 2 gnolls.

Vanquished Creatures
  Grinder (D:4)
  A steam dragon (D:5)
  Duvessa (D:5)
  A black bear (D:4)
  An ogre (D:5)
  Blork the orc (D:4)
  3 wights (D:6)
  Dowan (D:5)
  A howler monkey (D:6)
  6 hounds
  2 jellies
  Ijyb (D:4)
  2 iguanas
  3 orc wizards (D:3)
  10 gnolls
  5 adders
  A white imp (D:5)
  3 worms
  5 dart slugs
  13 orcs
  8 ball pythons
  8 bats
  9 endoplasms
  9 giant cockroaches
  6 goblins
  4 hobgoblins
  13 jackals
  8 kobolds
  2 quokkas (D:1)
  A frilled lizard (D:1)
  6 rats
136 creatures vanquished.

Vanquished Creatures (others)
  An adder (D:6)
1 creature vanquished.

Grand Total: 137 creatures vanquished

Notes
Turn   | Place    | Note
-------+----------+-------------------------------------------
     0 | D:1      | qw the Gargoyle Hexslinger began the quest for the Orb.
     0 | D:1      | Reached XP level 1. HP: 12/12 MP: 2/2
     0 | D:1      | 0 ||| qw: Version: 0.3-a-46-gb1f654a
     0 | D:1      | 0 ||| qw: Game counter: 1772
     0 | D:1      | 0 ||| qw: Melee chars always use a shield: true
     0 | D:1      | 0 ||| qw: God list: Okawaru
     0 | D:1      | 0 ||| qw: Allow faded altars: false
     0 | D:1      | 0 ||| qw: Do Orc after clearing Dungeon:15 true
     0 | D:1      | 0 ||| qw: Do second Lair branch before Depths: true
     0 | D:1      | 0 ||| qw: Lair rune preference: random
     0 | D:1      | 0 ||| qw: Goals: Normal
     0 | D:1      | 0 ||| PLANNING D:1-11
    39 | D:1      | Reached XP level 2. HP: 7/16 MP: 3/3
   116 | D:1      | Reached skill level 3 in Ranged Weapons
   221 | D:1      | Reached XP level 3. HP: 21/21 MP: 4/4
   249 | D:1      | Found a faded altar of an unknown god.
   418 | D:1      | Reached XP level 4. HP: 22/26 MP: 5/5
   595 | D:1      | 595 ||| READING scroll labelled KAETAN VAN ITI.
   596 | D:1      | 596 ||| READING scroll labelled GETAHE TUBAKKU.
   597 | D:1      | 597 ||| READING scroll labelled IXOGGA ET AWNIMA.
   598 | D:1      | 598 ||| READING scroll labelled DYRYRE TIR EKYVEP.
   599 | D:1      | 599 ||| DROPPING scroll of poison.
   680 | D:2      | Reached skill level 4 in Ranged Weapons
   766 | D:2      | Identified the +1 mace "Addolo" {venom, Fragile Int+3
                  | Dex+3}
   888 | D:2      | Found Bitutunt's Armour Boutique.
   907 | D:2      | 907 ||| SHOPLISTING +1 helmet of intelligence (198 gold,
                  | have 121).
   907 | D:2      | 907 ||| SHOPLISTING +1 ring mail of fire resistance (192
                  | gold, have 121).
   907 | D:2      | 907 ||| SHOPLISTING +1 ring mail of poison resistance (156
                  | gold, have 121).
   907 | D:2      | 907 ||| SHOPLISTING +3 leather armour of fire resistance
                  | (288 gold, have 121).
  1541 | D:2      | 1541 ||| UPGRADING to +0 ring mail.
  1551 | D:2      | 1551 ||| DROPPING +0 robe.
  1552 | D:2      | 1552 ||| READING scroll labelled AKUUPA PEGUUCS.
  1555 | D:2      | 1555 ||| READING scroll labelled XYHEISM EKUE.
  1556 | D:2      | 1556 ||| DRINKING 2 glowing ruby potions.
  1698 | D:3      | Reached skill level 1 in Armour
  1698 | D:3      | Reached XP level 5. HP: 30/30 MP: 6/6
  1756 | D:3      | HP: 6/30 [orc/+0 club (3)]
  1757 | D:3      | 1757 ||| DRINKING potion of heal wounds.
  1771 | D:3      | Reached skill level 5 in Ranged Weapons
  1829 | D:3      | Found a white marble altar of Elyvilon.
  1972 | D:3      | 1972 ||| Stepping ~*~*~tactically~*~*~ (outnumbered).
  1974 | D:3      | 1974 ||| Stepping ~*~*~tactically~*~*~ (outnumbered).
  1976 | D:3      | 1976 ||| Stepping ~*~*~tactically~*~*~ (outnumbered).
  1988 | D:3      | Reached skill level 3 in Fighting
  1988 | D:3      | Reached XP level 6. HP: 35/37 MP: 7/7
  2243 | D:3      | Found a hide-covered altar of Uskayaw.
  2342 | D:3      | 2342 ||| UPGRADING to ring of positive energy.
  2343 | D:3      | 2343 ||| READING scroll labelled FUYM YFAODAUFI.
  2344 | D:3      | 2344 ||| DRINKING 2 puce potions.
  2366 | D:4      | 2366 ||| STAIRDANCE
  2396 | D:4      | Noticed Grinder
  2396 | D:4      | Paralysed by Grinder for 4 turns
  2408 | D:4      | Paralysed by Grinder for 5 turns
  2418 | D:4      | Paralysed by Grinder for 4 turns
  2423 | D:4      | Killed Grinder
  2424 | D:4      | Reached skill level 6 in Ranged Weapons
  2424 | D:4      | Reached XP level 7. HP: 26/41 MP: 8/8
  2578 | D:4      | Found a basalt altar of Yredelemnul.
  2590 | D:4      | 2590 ||| READING scroll labelled FUBIL NULEPP.
  2591 | D:4      | 2591 ||| DRINKING 2 clear potions.
  2758 | D:4      | Noticed Ijyb
  2765 | D:4      | Killed Ijyb
  2810 | D:4      | 2810 ||| READING scroll labelled MIUMPE ZAST.
  3021 | D:4      | 3021 ||| SWAPPING to +3 arbalest.
  3022 | D:4      | 3022 ||| DROPPING +2 sling of electrocution.
  3104 | D:4      | Noticed Blork the orc
  3109 | D:4      | Killed Blork the orc
  3110 | D:4      | Reached skill level 7 in Ranged Weapons
  3414 | D:4      | 3414 ||| UPGRADING to +0 robe of cold resistance.
  3424 | D:4      | 3424 ||| READING 2 scrolls of identify.
  3424 | D:4      | 3424 ||| IDENTIFYING fizzy orange potion
  3500 | D:5      | Entered Level 5 of the Dungeon
  3555 | D:5      | 3555 ||| READING scroll of enchant weapon.
  3555 | D:5      | 3555 ||| ENCHANTING +3 arbalest.
  3595 | D:5      | Noticed Dowan
  3597 | D:5      | Noticed Duvessa
  3602 | D:5      | Killed Dowan
  3603 | D:5      | 3603 ||| FLEEEEING.
  3607 | D:5      | HP: 7/43 [Duvessa/+0 short sword (11)]
  3608 | D:5      | 3608 ||| READING scroll of teleportation.
  3609 | D:5      | 3609 ||| DRINKING potion of heal wounds.
  3610 | D:5      | Killed Duvessa
  3611 | D:5      | Reached skill level 8 in Ranged Weapons
  3611 | D:5      | Reached XP level 8. HP: 35/48 MP: 9/9
  3733 | D:5      | Found an iron altar of Okawaru.
  3734 | D:5      | 3734 ||| PLANNING OKAWARU WORSHIP
  3753 | D:5      | 3753 ||| DROPPING +0 ring mail.
  3754 | D:5      | 3754 ||| UPGRADING to +1 ring mail of willpower.
  3764 | D:5      | 3764 ||| DROPPING +0 robe of cold resistance.
  3765 | D:5      | 3765 ||| UPGRADING to +5 ring of evasion.
  3766 | D:5      | 3766 ||| READING scroll labelled XISUMI NYCE.
  3796 | D:5      | 3796 ||| DRINKING 2 metallic yellow potions.
  3797 | D:5      | 3797 ||| READING 2 scrolls of identify.
  3797 | D:5      | 3797 ||| IDENTIFYING bubbling clear potion
  3798 | D:5      | 3798 ||| DROPPING potion of attraction.
  3806 | D:5      | Became a worshipper of Warmaster Okawaru
  3807 | D:5      | 3807 ||| PLANNING D:1-11
  4016 | D:5      | 4016 ||| UPGRADING to +0 pair of boots.
  4021 | D:5      | 4021 ||| READING 2 scrolls of identify.
  4021 | D:5      | 4021 ||| IDENTIFYING murky blue potion
  4022 | D:5      | 4022 ||| DROPPING potion of degeneration.
  4059 | D:6      | 4059 ||| STAIRDANCE
  4064 | D:5      | HP: 11/49 [something (2)]
  4065 | D:5      | Reached skill level 9 in Ranged Weapons
  4227 | D:6      | Reached * piety under Okawaru
  4228 | D:6      | 4228 ||| INVOKING Heroism.
  4228 | D:6      | HP: 11/51 [wight/+3 hand axe (10)]
  4229 | D:6      | HP: 4/51 [gnoll/+0 club[a gnoll bouda] (7)]
  4229 | D:6      | Slain by a gnoll

Levels and vault maps discovered:
D:1:      saegor_arrival_simple_e, layout_basic,
          chequers_ecumenical_altar_simple
D:2:      layout_basic, serial_shops, nicolae_shop_pleasant_corner_grove,
          minmay_fractal_squares_gapless_5
D:3:      wander_river, layout_basic, elyvilon_altar_5, general_overflow_altar
D:4:      layout_basic, amcnicky_altar_gilded, abandoned_shop,
          uniq_blork_the_orc, uniq_ijyb, uniq_grinder
D:5:      minmay_spotlight, layout_rooms, overflow_temple_1_default,
          minmay_misc_feat_four_crosses, uniq_duvessa
D:6:      layout_rooms, nicolae_ru_the_path_less_chosen,
          hangedman_decor_peaks_small

Skill      XL: |  1  2  3  4  5  6  7  8 |
---------------+-------------------------+-----
Ranged Weapons | 3 4 5 6 8 9 |  9.1
Fighting       | 2 3 4 5 |  5.8
Armour         | 1 2 |  2.0
Dodging        | 2 |  2.0
Spellcasting   | |  1.0
Hexes          | |  2.6

Action                     |  1- 3 |  4- 6 |  7- 9 || total
---------------------------+-------+-------+-------++-------
   Fire: Sling             |    99 |   217 |    15 ||   331
         Arbalest          |       |       |    95 ||    95
 Invoke: Heroism           |       |       |     1 ||     1
    Use: Scroll            |       |     7 |     8 ||    15
         Potion            |       |     3 |     3 ||     6
 Armour: Robe              |    13 |    10 |     1 ||    24
         Ring mail         |       |    88 |    36 ||   124
  Dodge: Dodged            |    36 |   105 |    78 ||   219

Table legend:
 A = Non-vault XP
 B = Vault XP
 C = Vault XP percentage of total XP
 D = Non-vault monster count
 E = Vault monster count
 F = Vault count percentage of total count
                 A         B        C        D         E       F
            +---------+---------+-------+---------+---------+-------
      Total |    1422 |     812 |  36.3 |     123 |      14 |  10.2
            +---------+---------+-------+---------+---------+-------
        D:1 |      92 |       0 |   0.0 |      40 |       0 |   0.0
        D:2 |      36 |      11 |  23.4 |      19 |       5 |  20.8
        D:3 |     241 |       0 |   0.0 |      34 |       0 |   0.0
        D:4 |     269 |     425 |  61.2 |       8 |       3 |  27.3
        D:5 |     341 |     376 |  52.4 |      10 |       6 |  37.5
        D:6 |     443 |       0 |   0.0 |      12 |       0 |   0.0
            +---------+---------+-------+---------+---------+-------
